 Dungeon Crawl Stone Soup version 0.30-a0-779-g7971cf19c3 (webtiles) character file.

Game seed: 16609473607026005096

903 Dittersdorf the Trooper (level 8, -2/51 HPs)
             Began as a Gargoyle Fighter on Feb 17, 2023.
             Killed from afar by Maggie (16 damage)
             ... with a bolt of fire
             ... on level 5 of the Dungeon.
             The game lasted 00:05:36 (4455 turns).

Dittersdorf the Trooper (Gargoyle Fighter)          Turns: 4455, Time: 00:05:36

Health: -2/51      AC: 20    Str: 22    XL:     8   Next: 7%
Magic:  17/17      EV:  7    Int:  9    God:
Gold:   296        SH:  5    Dex:  9    Spells: 7/7 levels left

rFire   . . .      SeeInvis .    a - +1 flail (elec)
rCold   . . .      Faith    +    c - +0 buckler
rNeg    + . .      Spirit   .    p - +1 chain mail
rPois   ∞          Reflect  .    t - +1 helmet
rElec   +          Harm     .    (no cloak)
rCorr   .          Rampage  .    f - +0 pair of gloves
Will    +....                    (no boots) Stlth
                                 r - amulet of faith
HPRegen 0.28/turn                k - ring of magical power
MPRegen 0.15/turn                o - ring of willpower

@: no status effects
A: sickness immunity, AC +5, negative energy resistance 1, electricity
resistance, torment resistance 1, petrification resistance
a: no special abilities


You were on level 5 of the Dungeon.
You visited 1 branch of the dungeon, and saw 6 of its levels.

You collected 296 gold pieces.

Inventory:

Hand Weapons
 a - a +1 flail of electrocution (weapon)
Missiles
 u - a throwing net (quivered)
Armour
 c - a +0 buckler (worn)
 f - a +0 pair of gloves (worn)
 p - a +1 chain mail (worn)
 t - a +1 helmet (worn)
Jewellery
 k - a ring of magical power (left hand)
 o - a ring of willpower (right hand)
 r - an amulet of faith (around neck)
Wands
 q - a wand of flame (42)
Scrolls
 m - a scroll of enchant weapon
Potions
 b - a potion of heal wounds
 d - 3 potions of might
 e - 3 potions of curing {unknown}
 g - a potion of brilliance {unknown}
 h - a potion of ambrosia
 i - a potion of berserk rage
 j - a potion of invisibility
 l - a potion of haste
 n - a potion of mutation
 s - a potion of magic


   Skills:
 + Level 5.9 Fighting
 + Level 4.8 Maces & Flails
 + Level 5.8 Armour
 + Level 5.8 Shields


You had 7 spell levels left.
You didn't know any spells.
Your spell library contained the following spells:

 Spells                   Type           Power      Damage    Failure   Level
 Apportation              Tloc           0%         N/A       98%         1
 Wereblood                Tmut           0%         N/A       99%         2
 Vhi's Electric Charge    Tloc/Air       0%         N/A       100%        3
 Summon Forest            Summ/Tloc      0%         N/A       100%        5
 Summon Hydra             Summ           0%         N/A       100%        7
 Ignition                 Fire           0%         3d3       100%        8
 Sublimation of Blood     Necr           Unusable   N/A       N/A         2

Dungeon Overview and Level Annotations

Branches:
Dungeon (6/15)
 Temple: D:4-7

Altars:
Hepliaklqana

Shops:
D:6 *

Annotations:
D:5 Maggie


Innate Abilities, Weirdness & Mutations

You are immune to sickness and miasma.
Your stone body is resilient. (AC +5)
You are immune to poison.
You resist negative energy. (rN+)
You are resistant to electric shocks. (rElec)
You are resistant to unholy torment.
You are immune to petrification.


Message History

You hit Maggie.
Maggie is moderately wounded.
Maggie hits you with a +0 war axe of distortion.
Space warps horribly around you!
* * * LOW HITPOINT WARNING * * *
You hit Maggie but do no damage.
Maggie is moderately wounded.
Maggie hits you but does no damage.
You blink.
Throw: 2 throwing nets
Press: ? - help, Q - select action, (/) - cycle Shift-Dir - straight line, f - Maggie
Aim: Maggie, wielding a +0 war axe of distortion and wearing +0 steam dragon scales (moderately wounded, mesmerising, 56% to hit)
You throw a throwing net. The throwing net hits Maggie.
Maggie is caught in the net!
Maggie is moderately wounded.
Maggie struggles against the net.
Maggie struggles against the net.
Maggie casts a spell.
Maggie draws you further into her thrall.
Maggie struggles against the net.
You hit Maggie but do no damage. Lightning courses through Maggie!!
Maggie is heavily wounded.
Maggie struggles against the net.
Maggie points at you and mumbles some strange words.
The bolt of fire misses you.
Maggie struggles against the net.
The net rips apart, and Maggie comes free!
You sock Maggie!
Maggie is severely wounded.
You sock Maggie!
Maggie is almost dead.
Maggie hits you but does no damage.
You hit Maggie but do no damage.
Maggie is almost dead.
You break out of your daze.
You block Maggie's attack.
You hit Maggie.
Maggie is almost dead.
Maggie barely misses you. Maggie gestures at you while chanting.
The bolt of fire hits you!
You die...

#....# #.######....####.#..#...
#....#####...#....#)##.)..#...)..
#..............####)##.####...###
#....######..### #.#..# #...##
#....## #...### #....# #.)..#
####..### ##....# #>...## #..#.##
........######..# #.....###.....#
#.#........###..###.............#
#....#.##.......@@......".......#
####...##..........)...~....~....
###.##........................
##...........#......~~......
#.#........##......~~....#. #
####.#........................
####....#.[....#.......~....~....
#....####......#.#...............
..#####........#.#...............


You could see Maggie.

Vanquished Creatures
  A black bear (D:5)
  A centaur (D:6)
  A phantom (D:5)
  A necrophage (D:6)
  4 scorpions
  2 orc priests (D:5)
  3 hounds (D:5)
  2 iguanas
  Robin (D:3)
  4 adders
  An ufetubus (D:5)
  2 worms
  A dart slug (D:1)
  7 orcs
  7 endoplasms
  A giant cockroach (D:1)
  12 goblins
  6 hobgoblins
  12 jackals
  5 kobolds
  5 quokkas
  8 ball pythons
  5 bats
  2 frilled lizards
  7 rats
101 creatures vanquished.

Notes
Turn   | Place    | Note
-------+----------+-------------------------------------------
     0 | D:1      | Dittersdorf the Gargoyle Fighter began the quest for the
                  | Orb.
     0 | D:1      | Reached XP level 1. HP: 14/14 MP: 1/1
    38 | D:1      | Got Sif Muna's Encyclopedia of Discontinuous Flames
   149 | D:1      | Reached XP level 2. HP: 17/19 MP: 2/2
   301 | D:1      | Found a faded altar of an unknown god.
   614 | D:1      | Reached XP level 3. HP: 23/23 MP: 3/3
   912 | D:2      | Reached XP level 4. HP: 29/29 MP: 4/4
  1793 | D:3      | Noticed Robin
  2395 | D:3      | Killed Robin
  2396 | D:3      | Reached XP level 5. HP: 32/33 MP: 5/5
  3496 | D:4      | Reached XP level 6. HP: 39/39 MP: 6/6
  3588 | D:5      | Entered Level 5 of the Dungeon
  3767 | D:5      | Reached skill level 5 in Fighting
  3827 | D:5      | Noticed a black bear
  3832 | D:5      | Killed a black bear
  3833 | D:5      | Reached skill level 5 in Armour
  3833 | D:5      | Reached skill level 5 in Shields
  3833 | D:5      | Reached XP level 7. HP: 38/44 MP: 7/7
  4344 | D:6      | Found Leamoem's Neck Hole.
  4359 | D:6      | Reached XP level 8. HP: 48/51 MP: 8/8
  4387 | D:6      | Found a hazy altar of Hepliaklqana.
  4416 | D:6      | Noticed Maggie
  4455 | D:5      | Killed from afar by Maggie

Illustrated notes

Levels and vault maps discovered:
D:1:      scummos_arrival_hexagon, layout_loops_ring, basic_ecumenical_altar,
          minmay_misc_feat_diagonals
D:2:      layout_loops_ring
D:3:      layout_loops_cross, uniq_robin
D:4:      layout_loops_cross
D:5:      layout_rooms, skrybe_limestone_x
D:6:      layout_rooms, nicolae_hepliaklqana_hazy_memory, lemuel_doored_altar,
          minmay_temple_entry_wispy, kennysheep_diamond,
          nicolae_shop_sticking_my_neck_out, uniq_edmund, uniq_grinder,
          uniq_maggie

Skill      XL: |  1  2  3  4  5  6 |
---------------+-------------------+-----
Fighting       | 4 5 |  5.9
Armour         | 4 5 |  5.8
Shields        | 4 5 |  5.8
Maces & Flails | 3 4 |  4.8

Action                     |  1- 3 |  4- 6 |  7- 9 || total
---------------------------+-------+-------+-------++-------
  Melee: Flail             |   128 |   200 |    70 ||   398
  Throw: Throwing net      |       |       |     1 ||     1
    Use: Scroll            |       |    15 |     3 ||    18
 Armour: Scale mail        |    63 |    37 |       ||   100
         Chain mail        |       |    80 |    63 ||   143
  Dodge: Dodged            |    84 |    83 |    22 ||   189
  Block: Buckler           |    24 |    43 |    19 ||    86

Table legend: (Time is in decaauts)
 A = Elapsed time spent in this place.
 B = Non-inter-level travel time spent in this place.
 C = Inter-level travel time spent in this place.
 D = Time resting spent in this place.
 E = Time spent auto-exploring this place.
 F = Levels seen in this place.
 G = Mean time per level.
                   A        B        C        D        E       F      G
               +--------+--------+--------+--------+--------+-----+--------+
         Total |   4571 |   4277 |    294 |     85 |   3222 |   6 |  761.8 |
       Dungeon |   4571 |   4277 |    294 |     85 |   3222 |   6 |  761.8 |
               +--------+--------+--------+--------+--------+-----+--------+

Top non-repeatable levels by time:
     D:3: 1501 daAuts
     D:4: 829 daAuts
     D:2: 742 daAuts
     D:1: 703 daAuts
     D:5: 699 daAuts
     D:6: 94 daAuts
